 Dungeon Crawl Stone Soup version 0.31-a0-876-gfe8ebadbca (webtiles) character file.

Game seed: 5513314655715543652

1881 kae the Vexing (level 8, -1/58 (60) HPs)
             Began as a Demonspawn Enchanter on Oct 13, 2023.
             Slain by a wight
             ... wielding a +0 mace
              (6 damage)
             ... on level 7 of the Dungeon.
             The game lasted 00:06:18 (6442 turns).

kae the Vexing (Demonspawn Enchanter)               Turns: 6442, Time: 00:06:19

HP:   -1/58 (60)    AC:  4    Str:  8    XL:     8   Next: 91%
MP:   11/14         EV: 18    Int: 19    God:
Gold: 267           SH:  0    Dex: 16    Spells: 4/15 levels left

rFire   . . .        t - +0 short sword (flame)
rCold   . . .        (no shield)
rNeg    . . .        b - +0 robe
rPois   .            (helmet restricted)
rElec   .            j - +1 cloak
rCorr   .            (no gloves)
SInv    +            (no boots)
Will    .....        q - amulet of magic regeneration
Stlth   ++++         v - ring of see invisible
HPRegen 0.29/turn    E - +5 ring of evasion
MPRegen 0.54/turn

%: no passive effects
@: confusing by touch, lightly drained
A: horns 1, thin skeletal structure 1, powered by pain 1
a: no special abilities


You were on level 7 of the Dungeon.
You visited 2 branches of the dungeon, and saw 8 of its levels.

You collected 267 gold pieces.


Innate Abilities, Weirdness & Mutations

You have a pair of small horns on your head.
You have a somewhat thin skeletal structure. (Dex +2, Stealth+)
You sometimes gain a little power by taking damage.


   Skills:
 + Level 3.8 Fighting
 * Level 5.3 Short Blades
 + Level 4.0 Dodging
 + Level 4.8 Stealth
 + Level 4.1 Spellcasting
 * Level 6.5 Hexes


You had 4 spell levels left.
You knew the following spells:

 Your Spells              Type           Power      Damage    Failure   Level
a - Ensorcelled Hibernat  Hex/Ice        32%        N/A       5%          2
b - Confusing Touch       Hex            28%        N/A       2%          3
c - Tukima's Dance        Hex            28%        N/A       2%          3
d - Dazzling Flash        Conj/Hex       32%        N/A       11%         3

Your spell library contained the following spells:

 Spells                   Type           Power      Damage    Failure   Level
 Slow                     Hex            100%       N/A       1%          1
 Sigil of Binding         Hex            28%        N/A       2%          3
 Blink                    Tloc           6%         N/A       21%         2
 Lesser Beckoning         Tloc           6%         N/A       21%         2
 Momentum Strike          Conj/Tloc      6%         3d8       21%         2
 Vampiric Draining        Necr           3%         2d6       38%         3

Inventory:

Hand Weapons
 a - a +2 dagger of chaos
 t - a +0 short sword of flaming (weapon)
   (You took it off a kobold on level 4 of the Dungeon)
Missiles
 d - 86 stones
 h - 2 throwing nets {=f!f}
 k - 2 boomerangs
 C - 6 poisoned darts
Armour
 b - a +0 robe (worn)
 g - a +1 helmet
   (You found it on level 1 of the Dungeon)
 j - a +1 cloak (worn)
   (You found it on level 1 of the Dungeon)
Jewellery
 e - a +5 ring of evasion
   (You found it on level 6 of the Dungeon)
 q - an amulet of magic regeneration (around neck)
   (You found it on level 2 of the Dungeon)
 v - a ring of see invisible (left hand)
   (You found it on level 1 of the Dungeon)
 E - a +5 ring of evasion (right hand)
   (You found it on level 2 of the Dungeon)
 F - a ring of fire
   (You found it on level 3 of the Dungeon)
 P - a ring of poison resistance
   (You found it on level 6 of the Dungeon)
Wands
 f - a wand of polymorph (4)
   (You found it on level 3 of the Dungeon)
 r - a wand of mindburst (21)
   (You found it on level 4 of the Dungeon)
 w - a wand of iceblast (9)
   (You found it on level 5 of the Dungeon)
 y - a wand of flame (4)
   (You took it off a gnoll on level 6 of the Dungeon)
Scrolls
 p - 2 scrolls of immolation {!r!r}
 D - 2 scrolls of identify {@r1}
 G - a scroll of poison {unknown}
Potions
 c - 2 potions of invisibility
 i - 2 potions of heal wounds {unknown}
 l - a potion of mutation {!q}
 m - a potion of attraction {!q}
 n - 3 potions of degeneration {!q}
 o - 6 potions of haste {unknown}
 s - a potion of lignification {!q}
 u - a potion of enlightenment
 z - 2 potions of might
 A - a potion of brilliance {unknown}

Dungeon Overview and Level Annotations

Branches:
Dungeon (7/15) Zot: 25594  Temple (1/1) D:7 Zot: 5998

Altars:
Ashenzari
Dithmenos
Fedhas
Gozag
Hepliaklqana
Kikubaaqudgha
Makhleb
Nemelex Xobeh
Okawaru
Ru
Sif Muna
Trog
Uskayaw
Vehumet
Wu Jian
Yredelemnul

Shops:
D:7

: ##......##.....# ##.##...z..##
# ###.....##...# ##...........#
##.#### #....z.......## # ### ###
##............## ####### ####.##
#.........#.....
......####.....###.#........#...#
...♣...##.......#..#.........#..#
...[._..#.......#z###.........#..
####....#.......@)# ##.........#.
..###.8.#.........# ######.##..#
...#....#.........# ##.##..#
._..._..#........## ##.....#.
...⌠...##........###### #.....#..
#.....####............###....#..#
#########...................#...#
..................####.....#.....
......########..### #...........


You could see a wight.


Message History

You puncture the ice beast!
You melt the ice beast.
The ice beast closely misses you.
You completely miss the ice beast. Your headbutt misses the ice beast.
You hit the ice beast but do no damage. Your headbutt misses the ice beast.
The ice beast hits you. The ice beast freezes you.
You strike the helpless ice beast from behind!
You puncture the ice beast!
You melt the ice beast.
You kill the ice beast!
Your Dodging skill increases to level 4! 😕 HP[-7]
You take 7 damage, and now have 53/60 hp.
No target in view!
No target in view!
No target in view!
No target in view! 😕 HP[+1]
You start resting. 😎 HP[+6]
Your hp is fully restored (60).
Casting: Confusing Touch (dangerous; 3% risk of failure)
Confirm with . or Enter, or press ? or * to list all spells.
Your hands begin to glow red. 😎 MP[-2]
You lost 2 mp, and now have 12/14 mp.
The wight attacks as it pursues you! The wight misses you. 😎 MP[+1] 😎 MP[+1]
Your mp is fully restored (14).
The wight misses you.
The wight hits you with a +3 great sword! 😕 HP[-10]
You take 10 damage, and now have 50/60 hp.
You hit the wight but do no damage.
The wight appears confused.
The wight hits you with a +0 trident.
You hit the wight but do no damage.
The wight barely misses the wight.
The wight completely misses you. 😕 HP[-1]
You take 1 damage, and now have 49/60 hp.
You hit the wight but do no damage. You headbutt the wight.
The wight completely misses you.
You barely miss the wight. The wight completely misses you.
The wight barely misses the wight.
You hit the wight. You burn the wight. The wight misses you.
You hit the wight but do no damage.
The wight hits you with a +3 great sword!
The wight closely misses you. 😮 HP[-9]
You take 9 damage, and now have 40/60 hp.
You hit the wight. You burn the wight. The wight misses you.
The wight closely misses itself.
The wight hits you with a +0 trident!
* * * LOW HITPOINT WARNING * * *
😨 HP[-11]
You take 11 damage, and now have 29/60 hp.
You barely miss the wight.
Unknown command.
You hit the wight. You burn the wight.
You headbutt the wight, but do no damage.
The wight barely misses you.
The wight barely misses the wight.
You hit the wight. You burn the wight. The wight hits you with a +0 trident!
* * * LOW HITPOINT WARNING * * *
😨 HP[-7]
You take 7 damage, and now have 22/60 hp.
You hit the wight. You burn the wight.
You destroy the wight!
The wight misses you.
Casting: Confusing Touch (dangerous; 2% risk of failure)
Confirm with . or Enter, or press ? or * to list all spells.
Your hands begin to glow red.
The wight hits you with a +0 mace!
* * * LOW HITPOINT WARNING * * *
The wight closely misses you. The wight closely misses you.
The wight completely misses you. 😱 HP[-7] MP[-2]
You take 7 damage, and now have 15/60 hp.
You lost 2 mp, and now have 12/14 mp.
You hit the wight but do no damage.
The wight appears confused. 😨 HP[+1] Unknown command.
You hit the wight but do no damage.
You headbutt the wight, but do no damage.
The wight barely misses you.
The wight closely misses the wight. 😨 MP[+1]
You catch the helpless wight completely off-guard!
You puncture the wight! You burn the wight.
You destroy the wight!
The wight barely misses you.
Casting: Confusing Touch (dangerous; 2% risk of failure)
Confirm with . or Enter, or press ? or * to list all spells.
Your hands begin to glow red.
The wight hits you with a +0 mace!
* * * LOW HITPOINT WARNING * * *
You feel drained.
* * * LOW HITPOINT WARNING * * *
The wight completely misses you. 😱 HP[-11] MP[-2]
You now have 58 max hp (-2).
You take 11 damage, and now have 5/58 hp.
You lost 2 mp, and now have 11/14 mp.
You hit the wight but do no damage.
You headbutt the wight, but do no damage.
The wight hits you with a +0 mace.
You die...

Skill      XL: |  1  2  3  4  5  6  7  8 |
---------------+-------------------------+-----
Short Blades   | 1 2 3 4 5 |  5.3
Dodging        | 2 3 4 |  4.0
Stealth        | 3 4 |  4.8
Fighting       | 1 2 3 |  3.8
Hexes          | 4 5 6 |  6.5
Spellcasting   | 3 4 |  4.1

Action                     |  1- 3 |  4- 6 |  7- 9 || total
---------------------------+-------+-------+-------++-------
  Melee: Dagger            |   122 |    19 |       ||   141
         Short sword       |       |    85 |   177 ||   262
         Headbutt          |       |    19 |    38 ||    57
         Punch             |       |       |     7 ||     7
   Cast: Ensorcelled Hiber |    10 |    22 |    37 ||    69
         Confusing Touch   |       |     1 |     9 ||    10
  Evoke: Wand              |       |     6 |       ||     6
    Use: Potion            |     2 |       |     2 ||     4
         Scroll            |     6 |     5 |     4 ||    15
   Stab: Sleeping          |    19 |    12 |    27 ||    58
         Distracted        |     1 |       |       ||     1
         Confused          |       |     1 |     5 ||     6
 Armour: Robe              |    39 |    40 |    77 ||   156
  Dodge: Dodged            |    64 |    98 |   179 ||   341

Levels and vault maps discovered:
D:1:      dpeg_arrival_lava_temple_mockup, layout_rooms, corexii_corridor_pit,
          minmay_ruptured
D:2:      layout_loops_ring
D:3:      layout_loops_ring, nicolae_overflow_hidden_temple,
          mrwooster_statue_mirror
D:4:      layout_cave_pools, sigmund_edmund_badplayer
D:5:      layout_loops_ring, mainiacjoe_overflow_paths
D:6:      layout_loops_ring, hangedman_abyss_or_decor_lesser_grid
D:7:      layout_cave_pods, kennysheep_little_box, nemelex_spade_bored_becter,
          nicolae_overflow_hallway_of_the_gods,
          minmay_temple_entry_glassed_door, minmay_stone_trees_medium,
          minivault_26, nicolae_custom_books, kennysheep_diamond,
          serial_bayou_pond_a, palyth_stone_intersect
Temple:   nicolae_temple_colour_theory

Notes
Turn   | Place    | Note
-------+----------+-------------------------------------------
     0 | D:1      | kae the Demonspawn Enchanter began the quest for the Orb.
     0 | D:1      | Reached XP level 1. HP: 13/13 MP: 3/3
     0 | D:1      | magus.rc [v1.11.3]
    50 | D:1      | Reached skill level 1 in Short Blades
   111 | D:1      | Gained mutation: You sometimes gain a little power by
                  | taking damage. [demonic ancestry]
   111 | D:1      | Reached XP level 2. HP: 19/19 MP: 5/5
   124 | D:1      | Learned a level 2 spell: Ensorcelled Hibernation
   133 | D:1      | HP: 4/19 [poisoned by a kobold]
   452 | D:1      | Reached skill level 2 in Dodging
   677 | D:2      | Gained mutation: You have a somewhat thin skeletal
                  | structure. (Dex +2, Stealth+) [demonic ancestry]
   677 | D:2      | Reached XP level 3. HP: 19/25 MP: 6/6
  1225 | D:2      | Reached skill level 3 in Stealth
  1564 | D:3      | Reached skill level 1 in Fighting
  1828 | D:3      | Reached XP level 4. HP: 21/32 MP: 2/7
  1937 | D:3      | Found an opulent altar of Gozag.
  2073 | D:4      | Learned a level 3 spell: Confusing Touch
  2102 | D:4      | Reached skill level 2 in Short Blades
  2255 | D:4      | Noticed an ogre
  2272 | D:4      | Killed an ogre
  2273 | D:4      | Reached skill level 4 in Hexes
  2273 | D:4      | Gained mutation: You have a pair of small horns on your
                  | head. [demonic ancestry]
  2273 | D:4      | Reached XP level 5. HP: 37/37 MP: 8/8
  2388 | D:4      | Noticed an ogre
  2397 | D:4      | HP: 4/37 [ogre/+0 giant club (33)]
  2399 | D:4      | Killed an ogre
  2400 | D:4      | Reached XP level 6. HP: 6/44 MP: 8/10
  2404 | D:4      | HP: 5/44 [kobold/stone (2)]
  2691 | D:4      | Noticed Edmund
  2728 | D:4      | Killed Edmund
  2729 | D:4      | Reached skill level 2 in Fighting
  2729 | D:4      | Reached skill level 3 in Short Blades
  2843 | D:4      | Noticed Sigmund
  2855 | D:4      | Sigmund changed into Sigmund the killer bee
  2855 | D:4      | Noticed Sigmund
  2859 | D:4      | Killed Sigmund the killer bee
  2988 | D:4      | Reached skill level 3 in Spellcasting
  3123 | D:5      | Entered Level 5 of the Dungeon
  3130 | D:5      | Reached XP level 7. HP: 50/50 MP: 9/11
  3200 | D:5      | Reached skill level 3 in Dodging
  3316 | D:5      | Reached skill level 5 in Hexes
  3325 | D:5      | Found a blossoming altar of Fedhas.
  3956 | D:5      | HP: 12/51 [gnoll sergeant/+0 spear (10)]
  3963 | D:5      | HP: 6/51 [gnoll sergeant/+0 spear (10)]
  3969 | D:5      | HP: 6/51 [gnoll sergeant/+0 spear (2)]
  3973 | D:5      | Reached skill level 4 in Stealth
  4308 | D:6      | Reached skill level 4 in Short Blades
  4565 | D:6      | Reached skill level 3 in Fighting
  4565 | D:6      | Reached XP level 8. HP: 28/58 MP: 10/13
  4700 | D:6      | You pick up a book of Spatial Translocations and begin
                  | reading...
  4700 | D:6      | You add the spells Blink, Momentum Strike and Lesser
                  | Beckoning to your library.
  4980 | D:6      | Learned a level 3 spell: Tukima's Dance
  4984 | D:6      | Learned a level 3 spell: Dazzling Flash
  5158 | D:7      | Found Xubiko Gaoku's Self-Published Books.
  5337 | D:7      | Found a sparkling altar of Nemelex Xobeh.
  5378 | D:7      | Found a staircase to the Ecumenical Temple.
  5382 | Temple   | Entered the Ecumenical Temple
  5417 | D:7      | Reached skill level 6 in Hexes
  5588 | D:7      | Reached skill level 5 in Short Blades
  5609 | D:7      | You pick up a book of Debilitation and begin reading...
  5609 | D:7      | You add the spells Slow, Sigil of Binding and Vampiric
                  | Draining to your library.
  5915 | D:7      | Found a sacrificial altar of Ru.
  5949 | D:7      | Found an iron altar of Okawaru.
  5956 | D:7      | Found a basalt altar of Yredelemnul.
  5956 | D:7      | Found a hide-covered altar of Uskayaw.
  5962 | D:7      | Found a shadowy altar of Dithmenos.
  6108 | D:7      | Found an opulent altar of Gozag.
  6131 | D:7      | Reached skill level 4 in Spellcasting
  6131 | D:7      | HP: 15/60 [poisoned by a killer bee]
  6136 | D:7      | HP: 10/60 [poisoned by a killer bee]
  6158 | D:7      | HP: 11/60 [killer bee (3)]
  6389 | D:7      | Reached skill level 4 in Dodging
  6435 | D:7      | HP: 15/60 [wight/+0 mace (7)]
  6440 | D:7      | HP: 6/60 [wight/+0 mace (10)]
  6442 | D:7      | Slain by a wight

Vanquished Creatures
  Edmund (D:4)
  A water moccasin (D:5)
  An ice beast (D:7)
  3 ogres
  A black bear (D:7)
  2 phantoms (D:6)
  2 centaurs (D:7)
  A gnoll sergeant (D:5)
  2 scorpions (D:7)
  2 wights (D:7)
  2 killer bees
  2 jellies (D:7)
  9 iguanas
  3 orc wizards
  7 gnolls
  2 adders
  2 ufetubi (D:5)
  A worm (D:3)
  5 dart slugs
  11 orcs
  2 ball pythons
  7 endoplasms
  2 giant cockroaches
  7 goblins
  3 hobgoblins
  2 jackals (D:1)
  10 kobolds
  3 quokkas
  3 bats
  3 frilled lizards
  6 rats
108 creatures vanquished.

Table legend:
 A = Non-vault XP
 B = Vault XP
 C = Vault XP percentage of total XP
 D = Non-vault monster count
 E = Vault monster count
 F = Vault count percentage of total count
                 A         B        C        D         E       F
            +---------+---------+-------+---------+---------+-------
      Total |    2257 |     431 |  16.0 |     102 |       6 |   5.6
            +---------+---------+-------+---------+---------+-------
        D:1 |      36 |       2 |   5.3 |      18 |       2 |  10.0
        D:2 |      41 |       0 |   0.0 |      16 |       0 |   0.0
        D:3 |      30 |       0 |   0.0 |       9 |       0 |   0.0
        D:4 |     379 |     236 |  38.4 |      18 |       2 |  10.0
        D:5 |     432 |       0 |   0.0 |      15 |       0 |   0.0
        D:6 |     363 |       0 |   0.0 |       8 |       0 |   0.0
        D:7 |     976 |     193 |  16.5 |      18 |       2 |  10.0
            +---------+---------+-------+---------+---------+-------

Skill      XL: |  1  2  3  4  5  6  7  8 |
---------------+-------------------------+-----
Short Blades   | 1 2 3 4 5 |  5.3
Dodging        | 2 3 4 |  4.0
Stealth        | 3 4 |  4.8
Fighting       | 1 2 3 |  3.8
Hexes          | 4 5 6 |  6.5
Spellcasting   | 3 4 |  4.1

Action                     |  1- 3 |  4- 6 |  7- 9 || total
---------------------------+-------+-------+-------++-------
  Melee: Dagger            |   122 |    19 |       ||   141
         Short sword       |       |    85 |   177 ||   262
         Headbutt          |       |    19 |    38 ||    57
         Punch             |       |       |     7 ||     7
   Cast: Ensorcelled Hiber |    10 |    22 |    37 ||    69
         Confusing Touch   |       |     1 |     9 ||    10
  Evoke: Wand              |       |     6 |       ||     6
    Use: Potion            |     2 |       |     2 ||     4
         Scroll            |     6 |     5 |     4 ||    15
   Stab: Sleeping          |    19 |    12 |    27 ||    58
         Distracted        |     1 |       |       ||     1
         Confused          |       |     1 |     5 ||     6
 Armour: Robe              |    39 |    40 |    77 ||   156
  Dodge: Dodged            |    64 |    98 |   179 ||   341

Illustrated notes

Table legend:
 A = Kills in this place as a percentage of kills in the entire game.
 B = Kills by you in this place as a percentage of kills by you in the entire game.
 C = Kills by friends in this place as a percentage of kills by friends in the entire game.
 D = Other kills in this place as a percentage of other kills in the entire game.
 E = Experience gained in this place as a percentage of experience gained in the entire game.
 F = Experience gained in this place divided by the number of levels of this place that you have seen.
                   A       B       C       D       E      F
               +-------+-------+-------+-------+-------+----------------------
         Total | 100.0 | 100.0 |   N/A |   N/A | 100.0 | 336.0
       Dungeon | 100.0 | 100.0 |   N/A |   N/A | 100.0 | 384.0
               +-------+-------+-------+-------+-------+----------------------

Table legend: (Time is in decaauts)
 A = Elapsed time spent in this place.
 B = Non-inter-level travel time spent in this place.
 C = Inter-level travel time spent in this place.
 D = Time resting spent in this place.
 E = Time spent auto-exploring this place.
 F = Levels seen in this place.
 G = Mean time per level.
                   A        B        C        D        E       F      G
               +--------+--------+--------+--------+--------+-----+--------+
         Total |   6379 |   6277 |    102 |    726 |   4376 |   8 |  797.4 |
       Dungeon |   6377 |   6276 |    101 |    726 |   4376 |   7 |  911.0 |
        Temple |      1 |      0 |      1 |      0 |      0 |   1 |    1.0 |
               +--------+--------+--------+--------+--------+-----+--------+

Top non-repeatable levels by time:
     D:7: 1404 daAuts
     D:5: 1090 daAuts
     D:4: 904 daAuts
     D:3: 860 daAuts
     D:6: 784 daAuts
     D:2: 733 daAuts
     D:1: 599 daAuts
  Temple: 1 daAuts
